 Dungeon Crawl Stone Soup version 0.30-a0-862-g1aabd4f9c5 (webtiles) character file.

Game seed: 2460107418129113329

632 oldriver the Chopper (level 7, -16/44 HPs)
             Began as a Gargoyle Chaos Knight on Mar 10, 2023.
             Was a Plaything of Xom.
             Demolished by Menkaure (19 damage)
             ... on level 4 of the Dungeon.
             The game lasted 00:04:46 (2832 turns).

oldriver the Chopper (Gargoyle Chaos Knight)        Turns: 2832, Time: 00:04:46

Health: -16/44     AC: 12    Str: 17    XL:     7   Next: 49%
Magic:  5/7        EV: 12    Int: 13    God:    Xom [*.....]
Gold:   117        SH:  5    Dex:  9    Spells: 6/6 levels left

rFire   . . .      SeeInvis .    q - +1 whip (vamp)
rCold   . . .      Faith    .    (no shield)
rNeg    + . .      Spirit   .    f - +2 robe {Will+}
rPois   ∞          Reflect  +    i - +2 helmet
rElec   +          Rampage  .    (no cloak)
rCorr   .                        (no gloves)
Will    +....                    (no boots)
Stlth   +                        d - amulet of reflection
HPRegen 0.27/turn                (no ring)
MPRegen 0.10/turn                (no ring)

@: no status effects
A: sickness immunity, AC +4, negative energy resistance 1, electricity
resistance, torment resistance 1, petrification resistance
a: Renounce Religion


You were on level 4 of the Dungeon.
You worshipped Xom.
You were a special plaything of Xom.
You visited 1 branch of the dungeon, and saw 4 of its levels.

You collected 117 gold pieces.

Inventory:

Hand Weapons
 a - a +0 hand axe of chaos
 q - a +1 vampiric whip (weapon)
Missiles
 p - 9 poisoned darts
Armour
 f - a +2 robe of willpower (worn)
 i - a +2 helmet (worn)
Jewellery
 d - an amulet of reflection (around neck)
Wands
 b - a wand of roots (4)
 k - a wand of quicksilver (3)
Scrolls
 h - a scroll of fear
 n - 2 scrolls of teleportation {unknown}
 o - a scroll of poison {unknown}
Potions
 e - a potion of attraction
 g - a potion of curing
 l - a potion of mutation {unknown}
 m - a potion of might {unknown}
Miscellaneous
 c - a piece from Xom's chessboard (15/15) (quivered)


   Skills:
 + Level 5.5 Fighting
 - Level 5.8(5.9) Axes
 * Level 1.3(4.2) Maces & Flails
 + Level 3.3 Armour
 + Level 1.9 Dodging


You had 6 spell levels left.
You didn't know any spells.
Your spell library was empty.

Dungeon Overview and Level Annotations

Branches:
Dungeon (4/15)
 Temple: D:4-7

Altars:
Ashenzari
Cheibriados
Zin

Annotations:
D:4 Menkaure


Innate Abilities, Weirdness & Mutations

You are immune to sickness and miasma.
Your stone body is resilient. (AC +4)
You are immune to poison.
You resist negative energy. (rN+)
You are resistant to electric shocks. (rElec)
You are resistant to unholy torment.
You are immune to petrification.


Message History

A worm comes into view.
You feel a little less agile now. You block the worm's attack.
You whack the worm!
You feel better.
The worm is moderately wounded.
You hit the worm.
You feel better.
The worm is severely wounded.
The worm misses you.
You hit the worm.
You feel better.
The worm is almost dead.
You hit the worm.
You feel better.
You kill the worm!
You see here a worm corpse.
Found a stone staircase leading down.
Menkaure, Prince of Dust comes into view.
Menkaure shouts!
Menkaure calls on the powers of darkness!
Your body is wracked with pain!
Found 17 gold pieces.
Menkaure calls on the powers of darkness!
Your body is wracked with pain!
Found a hand axe.
Menkaure hits you!
* * * LOW HITPOINT WARNING * * *
A shower of butterflies erupts from you!
You barely miss Menkaure. Menkaure barely misses you.
You hit Menkaure but do no damage.
Xom does a drum roll.
You hear an angry hiss.
Menkaure closely misses you.
You hit Menkaure.
Menkaure is moderately damaged.
You hit Menkaure.
Menkaure is moderately damaged.
Menkaure hits you!
* * * LOW HITPOINT WARNING * * *
You hit Menkaure.
Menkaure is heavily damaged.
Menkaure hits you!!
You die...
Xom giggles madly!

***,,,,,,,,,,,,*******,,,,,**
*,,,,,,,..........,..),,,,,,**
**,,,,,,.............#,,,,,,,*
**,,,,,.......$.#...#...,,,,***
*,,,,,*#........#..#....,,,,,,*
**,,,**#......b.b......,,,*,,,,
*****,,**##.....b...##.##**.#,,,,
*,***,,,,......Mb...#...#...>,,,,
,,,*,,,****,***#@#......#....*,,,
,,,**,,**,,,,,*#........#....##,,
,,,**,,*,,,,,,,#..b.........,.##*
,,,,,,,*,,,,,..#.........#.,...#*
,,,,,*,,..._.............#*.....*
,,,..,,*,......#.........##......
,,,..$.*,......#...#.....#.......
,*,,...**,....*#..##...........#*
,.,,,#.####.####........†.....#**


You could see Menkaure (ally target).

Vanquished Creatures
  Sigmund (D:2)
  An ogre (D:4)
  2 iguanas
  Jessica (D:2)
  Ijyb (D:3)
  Terence (D:3)
  2 orc wizards (D:3)
  Robin (D:2)
  7 gnolls
  2 adders (D:3)
  2 worms
  6 orcs
  5 ball pythons
  7 endoplasms
  5 giant cockroaches
  13 goblins
  7 hobgoblins
  10 kobolds
  3 quokkas
  4 bats
  3 frilled lizards (D:1)
  8 rats
92 creatures vanquished.

Notes
Turn   | Place    | Note
-------+----------+-------------------------------------------
     0 | D:1      | oldriver the Gargoyle Chaos Knight began the quest for the
                  | Orb.
     0 | D:1      | Reached XP level 1. HP: 14/14 MP: 1/1
   257 | D:1      | XOM: noise
   262 | D:1      | Reached XP level 2. HP: 19/19 MP: 2/2
   382 | D:1      | XOM: noise
   618 | D:1      | Reached XP level 3. HP: 24/24 MP: 3/3
   747 | D:1      | XOM: silly message
   881 | D:2      | Noticed Robin
  1013 | D:2      | Noticed Sigmund
  1021 | D:2      | XOM: butterfly on damage
  1110 | D:2      | XOM: noise
  1132 | D:2      | XOM: divination: detect creatures
  1143 | D:2      | Killed Sigmund
  1144 | D:2      | Reached skill level 5 in Axes
  1144 | D:2      | Reached XP level 4. HP: 12/30 MP: 4/4
  1144 | D:2      | Reached XP level 5. HP: 14/34 MP: 5/5
  1281 | D:2      | Reached XP level 6. HP: 40/40 MP: 6/6
  1312 | D:2      | Killed Robin
  1406 | D:2      | Found a faded altar of an unknown god.
  1429 | D:1      | Reached skill level 1 in Dodging
  1462 | D:2      | Noticed Jessica
  1472 | D:2      | Killed Jessica
  1473 | D:2      | Reached skill level 5 in Fighting
  1490 | D:2      | Found a glowing silver altar of Zin.
  2014 | D:3      | Found a broken altar of Ashenzari.
  2014 | D:3      | XOM: 9-stop teleportation journey
  2155 | D:3      | Noticed Ijyb
  2159 | D:3      | Noticed Terence
  2162 | D:3      | XOM: divination: detect creatures
  2171 | D:3      | Killed Terence
  2177 | D:3      | Killed Ijyb
  2178 | D:3      | Reached XP level 7. HP: 28/44 MP: 7/7
  2728 | D:3      | XOM: divination: detect creatures
  2756 | D:4      | Found a snail-covered altar of Cheibriados.
  2771 | D:4      | XOM: chaos upgrade
  2774 | D:4      | XOM: butterfly on damage
  2791 | D:4      | Reached skill level 1 in Maces & Flails
  2822 | D:4      | Noticed Menkaure
  2827 | D:4      | XOM: butterfly on damage
  2829 | D:4      | XOM: noise
  2832 | D:4      | Demolished by Menkaure

Illustrated notes

Levels and vault maps discovered:
D:1:      wander_arrival_peaceful_grave, layout_basic
D:2:      layout_basic, basic_altar, dreamdust_ecumenical_altar_statues,
          uniq_robin, uniq_sigmund, uniq_jessica
D:3:      layout_rooms, cheibrodos_ashenzari_chains, nicolae_figureground_pulse,
          uniq_terence, uniq_ijyb
D:4:      layout_cave_pools, amcnicky_altar_gilded, old_standard_altar,
          gup_sewer_entry_glass, uniq_menkaure

Skill      XL: |  1  2  3  4  5  6  7 |
---------------+----------------------+-----
Axes           | 3 5 |  5.8
Fighting       | 4 5 |  5.5
Dodging        | 1 |  1.9
Armour         | 3 |  3.3
Maces & Flails | 1 |  1.3

Action                     |  1- 3 |  4- 6 |  7- 9 || total
---------------------------+-------+-------+-------++-------
  Melee: Hand axe          |   111 |   130 |    49 ||   290
         Punch             |     1 |       |     1 ||     2
         Whip              |       |       |    37 ||    37
  Evoke: Piece from Xom's  |     5 |     1 |       ||     6
         Wand              |       |     1 |     1 ||     2
    Use: Scroll            |     3 |     5 |     1 ||     9
         Potion            |     3 |     1 |       ||     4
   Stab: Confused          |     1 |     1 |       ||     2
 Armour: Leather armour    |    62 |       |       ||    62
         Robe              |       |    40 |    18 ||    58
  Dodge: Dodged            |    79 |    65 |    24 ||   168
  Block: Other             |       |    32 |    15 ||    47

Table legend: (Time is in decaauts)
 A = Elapsed time spent in this place.
 B = Non-inter-level travel time spent in this place.
 C = Inter-level travel time spent in this place.
 D = Time resting spent in this place.
 E = Time spent auto-exploring this place.
 F = Levels seen in this place.
 G = Mean time per level.
                   A        B        C        D        E       F      G
               +--------+--------+--------+--------+--------+-----+--------+
         Total |   2854 |   2744 |    110 |    223 |   1755 |   4 |  713.5 |
       Dungeon |   2854 |   2744 |    110 |    223 |   1755 |   4 |  713.5 |
               +--------+--------+--------+--------+--------+-----+--------+

Top non-repeatable levels by time:
     D:1: 1115 daAuts
     D:3: 877 daAuts
     D:2: 776 daAuts
     D:4: 85 daAuts
